Unix NetHack Version 5.0.0-0 post-release - last build Jun 10 2026 00:39:30 (3ee93aec679c4c4259841fe613dc97188e26a321,branch:main).

Game began 2026-06-10 13:55:37, ended 2026-06-29 16:09:06.

DrabEmordnilap, chaotic female orcish Ranger

   ; B  B;
  3------
  }|....|;
  }|..`.| 1
  }@.`.g|
  ;|....| ;
  }|....|
  ;|..gg|
   |..<.|
   |gggg|
  ;|.g..|
   |g...|
   | ..g|
  1     |

DrabEmordnilap the Scout     St:25 Dx:18 Co:25 In:14 Wi:16 Ch:5  Chaotic
Dlvl:27 $:0  HP:0(106) Pw:57(57) AC:-25 Xp:14/110378 T:28910 

Latest messages:
 Where do you want to travel to?
 (For instructions type a '?')
 Where do you want to travel to?
 (For instructions type a '?')
 You kill the dwarf!
 The vampire bat strikes at your displaced image and misses you!
 There is a doorway here.
 There are several objects here.
 The vampire bat misses!
 The vampire bat misses!
 You hit the vampire bat!
 You hit the vampire bat!
 The vampire bat bites!
 The vampire bat misses!
 You kill the vampire bat!
 The seemingly dead vampire bat suddenly transforms and rises as a vampire lady!
 You hit the vampire lady!
 The vampire lady misses!
 The vampire lady bites!
 You hit the vampire lady!
 The vampire lady misses!
 The vampire lady misses!
 You hit the vampire lady!
 The vampire lady hits!
 The vampire lady bites!
 You destroy the vampire lady!
 You descend the stairs.
 The gremlin multiplies!
 The gremlin multiplies!
 The gremlin multiplies!
 There's a gremlin on the other side.
 Perhaps that's why you cannot move it.
 You swap places with the peaceful gremlin.
 You find a hidden door.
 The door opens.
 The electric eel bites!
 You avoid harm.
 The electric eel brushes against your leg.
 You hit the electric eel!
 The electric eel misses!
 The electric eel swings itself around you!
 You hit the electric eel!
 The electric eel bites!
 You avoid harm.
 The electric eel drowns you...
 Do you want your possessions identified? [ynq] (y) y
 Do you want to see your attributes? [ynq] (y) y
 Do you want an account of creatures vanquished? [ynaq] (y) y
 Do you want to see your conduct and achievements? [ynq] (y) y
 Do you want to see the dungeon overview? [ynq] (y) y

Inventory:
 Amulets  ('"')
  J - an uncursed amulet of guarding (being worn)
 Weapons  (')')
  r - 100 blessed +6 arrows
  Q - the blessed +0 Longbow of Diana
  j - the blessed rustproof +6 Ogresmasher (weapon in right hand)
  T - the blessed rustproof +3 Stormbringer (alternate weapon; not wielded)
 Armor    ('[')
  o - an uncursed +4 helm of caution (being worn)
  u - a blessed +0 pair of gauntlets of power (being worn)
  K - a blessed +4 pair of speed boots (being worn)
  G - an uncursed +0 shield of reflection (being worn)
  e - an uncursed very burnt +2 cloak of displacement (being worn)
  i - a blessed +1 gray dragon scale mail (being worn)
 Comestibles  ('%')
  q - 7 uncursed K-rations
  l - an uncursed partly eaten lizard corpse
 Scrolls  ('?')
  f - an uncursed scroll of identify
 Rings    ('=')
  x - an uncursed ring of free action (on right hand)
  H - an uncursed ring of slow digestion (on left hand)
 Wands    ('/')
  h - a wand of digging (0:2)
  P - a wand of striking (0:7)
  V - a wand of teleportation (0:4)
 Tools    ('(')
  v - an uncursed sack containing 6 items
  C - an uncursed blindfold
  c - an uncursed magic lamp (lit)
  M - a +0 pick-axe
  d - an uncursed skeleton key
  s - an uncursed stethoscope
  a - a blessed +0 unicorn horn
 Gems/Stones  ('*')
  O - a blessed luckstone

Contents of the sack:
  2 blessed scrolls of earth
  an uncursed scroll of earth
  2 blessed potions of full healing
  an uncursed ring of conflict
  an uncursed ring of sustain ability
  a blessed magic lamp

DrabEmordnilap the Ranger's attributes:

Background:
 You were a Scout, a level 14 female orcish Ranger.
 You were chaotic, on a mission for Mars
 who was opposed by Mercury (lawful) and Venus (neutral).
 You were right-handed.
 You were in the Dungeons of Doom, on level 27.
 You entered the dungeon 28910 turns ago.
 There was a full moon in effect when your adventure ended.
 You had 110378 experience points, 49622 more were needed to attain level 15.

Basics:
 You had 0 out of 106 hit points.
 You had all 57 energy points (spell power).
 Your armor class was -25.
 Your wallet was empty.
 Autopickup was off.

Final Characteristics:
 Your strength was 25 (base:18/06, innate limit:18/50).
 Your dexterity was 18 (limit:18).
 Your constitution was 25 (base:18, innate limit:18).
 Your intelligence was 14 (limit:16).
 Your wisdom was 16 (limit:16).
 Your charisma was 5 (limit:16).

Final Status:
 You were held by an electric eel (southwest).
 You weren't hungry.
 You were unencumbered.
 You were wielding a hammer.
 You had basic skill with hammer.

Final Attributes:
 You were the Glory of Arioch.
 You were piously aligned.
 You were magic-protected.
 You were fire resistant.
 You were cold resistant.
 You were sleep resistant.
 You were disintegration resistant.
 You were shock resistant.
 You were poison resistant.
 You saw invisible.
 You were telepathic.
 You were warned.
 You had automatic searching.
 You had infravision.
 You were displaced.
 You were stealthy.
 You had slower digestion.
 You had a moderate defense bonus (+10).
 You were protected.
 You were very fast.
 You had reflection.
 You had free action.
 You were extremely lucky.
 You had extra luck.
 Good luck did not time out for you.
 You are dead.

Miscellaneous:
 You encountered 1 bones level.
 Total elapsed playing time was 10 hours, 19 minutes and 13 seconds.

Major events:
 Turn
    1: DrabEmordnilap the chaotic female orcish Ranger entered the dungeon
  560: entered the Gnomish Mines
 1026: attained the rank of Lookout (level 3)
 1651: reached Mine Town
 1970: attained the rank of Trailblazer (level 6)
 6210: acquired the Mines' End luckstone
 8372: entered Sokoban
 8590: completed 1st Sokoban level
 8982: completed 2nd Sokoban level
 9202: completed 3rd Sokoban level
11421: completed 4th Sokoban level
11579: attained the rank of Reconnoiteress (level 10)
11670: acquired the Sokoban amulet of reflection
16450: was bestowed with Grimtooth by Mars
20829: was bestowed with Ogresmasher by Mars
25805: was chosen to steal souls for the Glory of Mars
25805: was bestowed with Stormbringer
26264: entered Home 1, the Quest
26479: attained the rank of Scout (level 14)
26583: Orion has granted access to proceed deeper into the quest
26593: entered Home 2, the Quest
26612: entered Home 3, the Quest
27051: entered Home 4, the Quest
27206: entered Home 5, the Quest
27238: found the Longbow of Diana on the floor
27291: killed Scorpius
27293: acquired the Bell of Opening
28910: drowned in a pool of water by an electric eel

Spells:
 Name                 Level Category     Fail Retention
 magic missile          2   attack       100%    1%-25%
 knock                  1   matter       100%    1%-25%
 healing                1   healing      100%    1%-25%
 wizard lock            2   matter       100%   26%-50%
 protection             1   clerical     100%   26%-50%
 cure blindness         2   healing      100%   26%-50%
 chain lightning        2   attack       100%   51%-75%
 cure sickness          3   healing      100%   51%-75%
 light                  1   divination   100%  76%-100%

Skills:
 Fighting Skills
   bare handed combat [Unskilled]
   riding             [Unskilled]
 Weapon Skills
   dagger             [Skilled]
   knife              [Unskilled]
   axe                [Unskilled]
   pick-axe           [Unskilled]
   short sword        [Basic]
   broadsword         [Basic]
   morning star       [Unskilled]
   flail              [Unskilled]
   hammer             [Basic]
   quarterstaff       [Unskilled]
   polearms           [Unskilled]
   spear              [Unskilled]
   trident            [Unskilled]
   bow                [Expert]
   sling              [Unskilled]
   crossbow           [Unskilled]
   dart               [Unskilled]
   shuriken           [Unskilled]
   boomerang          [Unskilled]
   whip               [Unskilled]
 Spellcasting Skills
   healing spells     [Unskilled]
   divination spells  [Unskilled]
   escape spells      [Unskilled]

Voluntary challenges:
 Character rerolling was not enabled.
 You never genocided any monsters.
 You never changed form.
 You used no wishes.
 You did not violate any of the special Sokoban rules.
Achievements:
 You entered the Gnomish Mines.
 You entered a shop.
 You attained the rank of Lookout.
 You entered Minetown.
 You entered a temple.
 You attained the rank of Trailblazer.
 You completed the Gnomish Mines.
 You entered Sokoban.
 You attained the rank of Reconnoiteress.
 You completed Sokoban.
 You attained the rank of Scout.
 You handled the Bell of Opening.

 The Dungeons of Doom: levels 1 to 27
    Level 1:
       A fountain.
    Level 2:
       A food shop.
       Stairs down to The Gnomish Mines.
    Level 3:
       Many fountains.
    Level 4:
       A fountain.
    Level 5:
       Some fountains.
    Level 6:
       A fountain, a sink.
    Level 7:
       A fountain.
       Final resting place for
          ksw-Val-Hum-Fem-Law, killed by a mumak.
    Level 8:
       Many fountains.
    Level 9:
       A food shop.
       Stairs up to Sokoban, level 8.
    Level 10:
    Level 11:
       Some fountains.
    Level 12:
       A sink.
    Level 13:
       A sink.
    Level 14:
    Level 15:
       A fountain, a grave.
       Portal to The Quest.
    Level 16:
       A primitive area.
    Level 17:
       A general store, a fountain, a grave.
    Level 18: "STASH"
       An altar to Mars.
    Level 19:
       A throne, a sink.
    Level 20:
       A weapon shop, a grave.
    Level 21:
       A temple and an altar.
    Level 22:
       An altar to Mars.
    Level 23:
       A fountain, a grave.
    Level 24:
       A fountain.
    Level 25:
    Level 26:
       A fountain.
    Level 27: <- You were here.
       Final resting place for
          you, drowned in a pool of water by an electric eel.
 The Gnomish Mines: levels 3 to 11
    Level 3:
    Level 4:
    Level 5: "stash"
       Many shops, a temple and an altar to Mars, a fountain.
    Level 6:
    Level 7:
    Level 8:
    Level 9:
    Level 10:
    Level 11:
 The Quest: levels 1 to 5
    Level 1:
       Many trees.
       Completed quest for Orion.
    Level 2:
       Many trees.
    Level 3:
    Level 4:
    Level 5:
       A throne.
 Sokoban: levels 8 up to 5
    Level 5:
       Solved.
    Level 6:
       Solved.
    Level 7:
       Solved.
    Level 8:
       Solved.


Vanquished creatures:
  a titan
  a purple worm
  a gray dragon
  a silver dragon
  a white dragon
  a black dragon
  a minotaur
    Scorpius
  3 baluchitheria
  a stone golem
  4 Olog-hai
  a Nazgul
  2 trappers
  3 vampire leaders
 an aligned cleric
  a captain
  a lich
  2 clay golems
  3 nurses
 an Aleax
  a frost giant
  4 golden nagas
  5 black puddings
  a vampire
  2 lieutenants
  4 ghosts
  a queen bee
  a winged gargoyle
  a mind flayer
  3 giant mimics
  3 long worms
  a zruty
  2 fire giants
 an ogre tyrant
  3 ice trolls
  3 rock trolls
 an umber hulk
 an elven monarch
  a doppelganger
  5 large mimics
  2 wumpuses
  9 couatls
  a stalker
 an air elemental
  2 water elementals
  a hill giant
  2 giant mummies
  2 black nagas
  a giant zombie
  2 elf-nobles
 14 sergeants
  4 wargs
  2 winter wolves
 10 small mimics
  4 xans
 an ettin mummy
 an ogre leader
  3 quantum mechanics
  4 trolls
  a sasquatch
  a wood golem
  a gelatinous cube
  a pyrolisk
  2 large dogs
  a freezing sphere
  2 flaming spheres
  a shocking sphere
  a large cat
  3 tigers
  5 gargoyles
  a dwarf ruler
  5 tengu
 an ochre jelly
  a leocrotta
  4 energy vortices
 23 mountain centaurs
  6 stone giants
  2 elf mummies
  a red naga
  2 pit vipers
  2 cobras
  a wraith
  2 ettin zombies
  a leather golem
  4 Grey-elves
 27 soldiers
  4 watchmen
  2 chameleons
  3 crocodiles
  7 giant beetles
  6 cockatrices
  3 wolves
  6 winter wolf cubs
  a lynx
  2 spotted jellies
 47 leprechauns
 an orc-captain
  4 iron piercers
  2 mumakil
  5 giant spiders
 29 scorpions
  2 horses
  a vampire bat
 45 forest centaurs
  4 gnome rulers
  3 orc mummies
 an ogre
  a brown pudding
  2 rust monsters
  4 owlbears
  3 yetis
  a gold golem
  3 werewolves
 12 Green-elves
  8 lizards
  5 chickatrices
  3 dingoes
  2 dogs
  2 housecats
  5 jaguars
  2 dwarf leaders
  6 blue jellies
  2 white unicorns
  a gray unicorn
  6 dust vortices
  4 ravens
 11 plains centaurs
  3 gnome mummies
  3 snakes
  9 apes
  4 human zombies
  a rope golem
  a Woodland-elf
  8 soldier ants
  a fire ant
 13 bugbears
  a quasit
  4 wood nymphs
  4 water nymphs
  4 mountain nymphs
  3 Mordor orcs
  3 Uruk-hai
  2 orc shamans
  4 rock piercers
  7 rock moles
  4 ponies
  9 yellow lights
  a shrieker
  4 violet fungi
 22 gnome leaders
 12 gnomish wizards
  a kobold mummy
  a guardian naga hatchling
  5 gray oozes
  2 barrow wights
  2 elf zombies
  a ghoul
  a straw golem
  3 paper golems
 16 giant ants
  a little dog
 10 floating eyes
 26 dwarves
  a homunculus
  5 kobold shamans
  5 hill orcs
 16 rothes
  a rabid rat
  a centipede
  8 giant bats
  4 monkeys
  6 orc zombies
  8 dwarf zombies
  4 werejackals
  9 iguanas
 27 killer bees
  2 acid blobs
  2 gas spores
  8 hobbits
  3 manes
  2 large kobolds
 13 hobgoblins
  3 giant rats
 11 cave spiders
  4 brown molds
  2 yellow molds
  a green mold
  2 red molds
 72 gnomes
 21 garter snakes
  4 gnome zombies
  7 geckos
 13 jackals
  a fox
  a kobold
  3 goblins
  2 sewer rats
  3 grid bugs
  4 bats
  4 lichens
  2 kobold zombies
 13 newts
998 creatures vanquished.

No species were genocided or became extinct.

Game over:
                       ----------
                      /          \
                     /    REST    \
                    /      IN      \
                   /     PEACE      \
                  /                  \
                  |  DrabEmordnilap  |
                  |       0 Au       |
                  |   drowned in a   |
                  | pool of water by |
                  | an electric eel  |
                  |                  |
                  |       2026       |
                 *|     *  *  *      | *
        _________)/\\_//(\/(/\)/\//\/|_)_______

Goodbye DrabEmordnilap the Ranger...

You drowned in The Dungeons of Doom on dungeon level 27 with 240750 points,
and 0 pieces of gold, after 28910 moves.
You were level 14 with a maximum of 106 hit points when you drowned.

